Map: Usina Ácida LE

Players

IagoAbreu

  • Race: Zerg Zerg
  • League: Gold
  • Spawn Location: 11:00

Gorbecus - Winner!

  • Race: Terran Terran
  • League: Silver
  • Spawn Location: 5:00

VOD

Have the link to the VOD?

Description

Time

  • Played on: May 3, 2018, 5:47 p.m.
  • Length: 26:38
Show
View Real Time Build Order
Export as new Build Order

IagoAbreu Zerg 

Build Orders: Hatch First, Zergling Baneling 

Get SALT Encoding   

  12  0:03  Drone  
  13  0:10  Drone  
  14  0:34  Hatchery  
  13  0:39  Drone  
  14  0:45  Overlord  
  14  1:00  Extractor  
  13  1:05  Spawning Pool  
  12  1:13  Drone x2  
  14  1:21  Drone  
  15  1:28  Drone  
  16  1:43  Drone  
  17  1:49  Drone x2  
  17  1:52  Queen  
  21  2:06  Drone x2  
  23  2:13  Drone  
  23  2:14  Drone  
  25  2:19  Queen  
  27  2:25  Evolution Chamber  
  27  2:27  Drone x2  
  28  2:39  Overlord x2  
  28  2:50  Baneling Nest  
  27  2:51  Zerg Melee Weapons Level 1  
  27  2:59  Metabolic Boost, Extractor  
  26  3:35  Zergling x14  
  26  3:36  Zergling x10  
  26  3:37  Zergling x4  
  40  3:45  Pneumatized Carapace  
  40  3:49  Drone x2  
  42  4:21  Overlord  
  42  4:22  Zergling x4, Overlord x2  
  42  4:24  Overlord x2  
  44  4:32  Lair  
  44  4:39  Baneling  
  44  4:40  Baneling x4  
  44  4:41  Baneling  
  44  4:58  Baneling x4  
  44  4:59  Baneling x4  
  44  5:11  Zergling x8  
  44  5:12  Zergling x4  
  50  5:15  Baneling x3  
  50  5:20  Drone  
  50  5:21  Drone  
  52  5:23  Drone  
  51  5:57  Zergling x4  
  51  5:58  Zergling x10  
  57  6:17  Baneling x3  
  57  6:18  Baneling x4  
  57  6:23  Overseer  
  57  6:38  Baneling  
  57  6:51  Drone x2  
  57  6:52  Drone x4  
  63  7:33  Zergling x10  
  63  7:34  Zergling x8  
  63  7:35  Zergling x2  
  59  8:06  Hatchery  
  59  8:09  Hatchery  
  41  8:38  Zergling x6  
  41  8:39  Zergling x10  
  41  8:40  Zergling x2  
  41  8:41  Overlord x3  
  41  9:11  Queen  
  41  9:12  Queen  
  41  9:16  Zergling x2  
  41  9:17  Zergling x10  
  51  9:42  Zergling x10  
  51  9:43  Zergling x12  
  51  9:44  Zergling x2  
  63  10:15  Zergling x8  
  63  10:16  Zergling x14  
  63  10:17  Zergling x12  
  80  10:25  Overlord x2  
  80  10:29  Overlord  
  80  10:38  Overlord  
  77  10:58  Zergling x10  
  77  10:59  Zergling x10  
  77  11:02  Zergling x2  
  47  11:26  Drone x3  
  47  11:27  Drone x6  
  47  11:28  Drone  
  46  12:06  Extractor  
  45  12:11  Extractor  
  45  12:14  Extractor  
  43  12:16  Extractor  
  43  12:21  Extractor  
  41  12:23  Drone, Extractor  
  41  12:24  Drone x7  
  41  12:25  Drone x2  
  50  12:37  Roach Warren, Zerg Missile Weapons Level 1  
  49  12:45  Drone x4  
  49  12:48  Zergling x4  
  49  12:49  Zergling x12  
  49  12:50  Zergling x12  
  49  12:51  Zergling x10  
  70  12:52  Zergling x2  
  73  13:20  Roach  
  73  13:21  Roach x7  
  73  13:22  Roach x5  
  73  13:23  Roach  
  73  13:25  Roach  
  103  14:11  Roach x4  
  111  14:19  Overlord  
  111  14:20  Overlord x7  
  111  14:42  Tunneling Claws  
  111  14:43  Zerg Missile Weapons Level 2  
  111  14:56  Roach x7  
  111  14:57  Roach x6  
  111  14:58  Roach x7  
  111  14:59  Roach x3  
  157  15:01  Ravager x5  
  157  15:02  Ravager x8  
  157  15:03  Ravager x4  
  174  15:14  Roach  
  176  15:30  Overlord  
  176  15:31  Overlord x5  
  170  16:04  Zergling x12  
  171  16:05  Zergling x14  
  171  16:06  Zergling x12  
  171  16:07  Zergling x6  
  190  16:16  Overseer x3  
  190  16:33  Glial Reconstitution  
  190  17:11  Zerg Melee Weapons Level 2  
  190  17:38  Roach x4  
  190  17:41  Ravager  
  199  18:11  Overseer x2  
  199  18:12  Overseer x2  
  119  18:57  Zergling x2  
  119  18:58  Zergling x12  
  119  18:59  Zergling x10  
  119  19:00  Zergling x14  
  119  19:01  Zergling x14  
  119  19:02  Zergling x10  
  108  19:14  Zergling x2  
  108  19:15  Zergling x8  
  78  20:03  Roach x7  
  78  20:04  Roach x7  
  78  20:05  Roach x7  
  78  20:06  Roach x3  
  126  20:18  Hydralisk Den  
  119  20:34  Ravager  
  119  20:35  Ravager x6  
  124  20:36  Ravager x8  
  124  20:37  Ravager x4  
  132  21:11  Hydralisk x7  
  132  21:12  Hydralisk  
  148  21:56  Hatchery  
  148  21:58  Hatchery  
  94  22:10  Hydralisk x5  
  94  22:11  Hydralisk x3  
  80  22:31  Queen  
  77  22:38  Queen  
  79  23:07  Queen  
  81  23:38  Hydralisk x2  
  81  23:39  Hydralisk x7  
  81  23:40  Hydralisk x6  
  111  23:51  Drone x3  
  111  23:52  Drone x2  
  111  23:53  Drone  
  117  24:35  Drone, Extractor  
  117  24:37  Hydralisk x3  
  117  24:38  Hydralisk x5  
  125  24:39  Zergling x4  
  125  24:40  Zergling x10  
  140  25:08  Hydralisk  
  140  25:09  Hydralisk x4  
  150  25:19  Drone  
Show
View Real Time Build Order
Export as new Build Order

Gorbecus Terran - Winner!

Build Orders: Liberator Opening 

Get SALT Encoding   

  12  0:02  SCV  
  13  0:16  SCV  
  14  0:22  Supply Depot  
  14  0:28  SCV  
  15  0:44  SCV, Refinery  
  15  0:48  Barracks  
  16  0:56  SCV  
  17  0:57  Refinery  
  17  1:12  SCV  
  18  1:26  SCV  
  19  1:39  Marine  
  20  1:43  Bunker  
  20  1:45  SCV  
  21  1:49  Factory  
  21  1:56  Supply Depot  
  21  1:59  Marine  
  21  2:00  SCV  
  23  2:20  Marine  
  24  2:24  SCV  
  25  2:34  Factory Tech Lab  
  25  2:38  Marine  
  25  2:40  SCV, Starport  
  27  2:53  Siege Tank  
  30  3:09  Command Center  
  30  3:17  Supply Depot  
  30  3:21  Liberator  
  30  3:24  SCV  
  31  3:40  Orbital Command  
  34  3:54  Engineering Bay  
  34  4:04  Supply Depot  
  34  4:07  Siege Tank  
  37  4:48  Missile Turret  
  37  4:49  Missile Turret x2, Refinery  
  37  4:51  Missile Turret  
  37  5:09  Refinery  
  37  5:11  Planetary Fortress  
  37  5:29  SCV  
  38  5:41  SCV  
  39  5:53  SCV  
  37  6:06  SCV  
  37  6:08  Bunker  
  37  6:09  SCV  
  39  6:17  Command Center  
  39  6:18  SCV  
  40  6:21  SCV  
  41  6:27  Missile Turret x2  
  41  6:33  SCV  
  41  6:34  SCV  
  43  6:45  SCV  
  44  6:48  Missile Turret  
  44  6:50  Missile Turret  
  44  6:57  SCV, Marine  
  44  7:00  Building Armor  
  46  7:09  SCV  
  46  7:11  Missile Turret  
  46  7:15  Marine, Missile Turret  
  47  7:17  SCV  
  47  7:21  SCV  
  50  7:29  SCV  
  51  7:33  SCV, Starport  
  51  7:35  Starport  
  34  8:27  SCV  
  34  8:39  SCV  
  34  8:40  Hi-Sec Auto Tracking  
  32  8:51  SCV  
  32  8:53  Missile Turret  
  32  8:54  Missile Turret  
  32  8:55  Missile Turret x2  
  33  9:03  SCV  
  33  9:07  SCV  
  35  9:14  Missile Turret  
  35  9:15  SCV  
  35  9:16  Missile Turret  
  35  9:17  Starport Tech Lab, Missile Turret  
  36  9:19  SCV  
  37  9:27  SCV  
  38  9:31  SCV  
  38  9:33  Barracks  
  38  9:36  Neosteel Frame  
  38  9:37  Barracks  
  39  9:39  SCV  
  39  9:43  SCV  
  41  9:46  Planetary Fortress  
  41  9:51  SCV  
  42  9:54  Missile Turret  
  42  9:55  SCV, Missile Turret  
  42  9:57  Missile Turret  
  43  10:00  Refinery  
  43  10:03  SCV  
  43  10:04  Refinery  
  44  10:08  SCV  
  45  10:16  SCV  
  45  10:20  SCV  
  47  10:28  SCV  
  48  10:29  Barracks  
  48  10:32  SCV  
  50  10:35  SCV  
  50  10:44  SCV x2  
  50  10:47  SCV  
  53  10:56  SCV x2  
  54  11:00  SCV  
  41  11:08  SCV  
  37  11:12  SCV  
  37  11:13  SCV  
  37  11:17  Barracks  
  38  11:21  SCV  
  38  11:24  SCV  
  40  11:25  SCV  
  41  11:33  SCV  
  41  11:36  SCV  
  41  11:37  SCV  
  41  11:38  Marine  
  45  11:48  SCV  
  45  11:50  SCV  
  47  11:55  Marine  
  47  12:00  SCV  
  49  12:02  SCV  
  49  12:06  Barracks  
  50  12:12  SCV  
  50  12:13  Marine  
  50  12:14  SCV, Barracks Tech Lab  
  50  12:15  Barracks Reactor x3  
  53  12:24  SCV  
  53  12:26  SCV  
  55  12:31  Marine  
  55  12:36  SCV  
  57  12:38  SCV  
  57  12:43  Starport  
  58  12:45  Starport  
  58  12:54  Starport  
  58  12:58  Bunker  
  58  13:02  Missile Turret  
  58  13:05  SCV  
  59  13:12  Missile Turret  
  59  13:17  SCV  
  59  13:19  SCV  
  61  13:21  SCV, Starport  
  61  13:23  Missile Turret, Starport  
  62  13:29  SCV, Starport Tech Lab  
  62  13:31  SCV  
  62  13:33  Missile Turret  
  62  13:34  SCV  
  65  13:41  SCV  
  65  13:42  Starport Tech Lab x2  
  65  13:44  Missile Turret  
  65  13:48  Banshee  
  72  13:53  SCV, Raven  
  72  13:54  Missile Turret  
  72  14:06  Missile Turret  
  72  14:14  Supply Depot  
  72  14:15  Command Center  
  72  14:16  Missile Turret  
  72  14:27  Missile Turret  
  72  14:30  Raven, Missile Turret  
  74  14:36  Raven  
  74  14:38  Supply Depot  
  76  14:53  Missile Turret  
  76  15:00  Raven x2  
  76  15:01  Supply Depot  
  80  15:09  Barracks Tech Lab  
  80  15:11  Combat Shields  
  80  15:13  Raven, Starport Tech Lab  
  80  15:14  Marine x6  
  82  15:15  Marine  
  82  15:19  Raven  
  91  15:24  Supply Depot  
  91  15:32  Marine x7  
  98  15:43  Raven x2  
  98  15:46  Supply Depot  
  98  15:49  Marine x2  
  102  15:50  Marine  
  102  15:52  Raven  
  102  15:56  Raven  
  106  16:01  Raven  
  98  16:26  Raven x2  
  102  16:35  Raven  
  102  16:37  Missile Turret x2  
  102  16:39  Raven, Missile Turret  
  106  16:44  Raven  
  108  16:58  Missile Turret x2  
  108  17:00  Refinery  
  108  17:02  Starport Tech Lab  
  108  17:09  Raven x2  
  112  17:18  Raven, Refinery  
  112  17:22  Raven  
  116  17:27  Raven  
  118  17:39  Command Center  
  118  17:52  Raven x2  
  115  18:01  Raven  
  115  18:04  Raven  
  113  18:10  Raven  
  115  18:22  Corvid Reactor  
  107  19:25  Raven x2  
  107  19:29  Marine x7  
  118  19:38  Refinery  
  118  19:40  Cloaking Field  
  118  19:41  Missile Turret  
  118  19:46  Marine  
  118  19:47  Marine x6  
  125  20:04  Marine x3  
  125  20:05  Marine x3  
  131  20:21  Command Center  
  131  20:22  Missile Turret  
  131  20:23  Missile Turret  
  131  20:24  Missile Turret  
  131  20:44  Missile Turret  
  131  20:45  Missile Turret  
  131  20:46  Missile Turret  
  131  21:05  Missile Turret  
  131  21:07  Missile Turret  
  131  21:09  Missile Turret  
  131  21:24  Refinery  
  131  21:28  Refinery  
  131  21:33  Raven x3  
  131  21:34  SCV  
  131  21:38  Planetary Fortress  
  138  21:46  SCV  
  139  21:58  SCV  
  134  22:10  SCV  
  131  22:22  SCV  
  130  22:47  SCV  
  131  22:57  SCV  
  132  22:59  SCV  
  132  23:00  SCV  
  134  23:09  SCV  
  134  23:11  SCV  
  136  23:13  SCV, Supply Depot x2  
  136  23:15  Supply Depot  
  137  23:21  SCV  
  137  23:23  SCV  
  137  23:25  SCV  
  140  23:28  Marine  
  140  23:29  Marine x4  
  140  23:33  SCV  
  146  23:35  SCV, Raven x5  
  146  23:37  SCV, Armory  
  158  23:45  SCV  
  158  23:46  Marine x7  
  158  23:47  Marine x2  
  168  23:49  SCV  
  168  23:53  Stimpack  
  169  23:56  Terran Infantry Weapons Level 1  
  169  24:04  Marine x6  
  169  24:05  Marine  
  176  24:21  Marine  
  176  24:22  Marine x4  
  181  24:39  Marine x3  
  181  24:40  Marine x2  
  181  24:44  Barracks Reactor  
  186  24:52  Marine x2  
  188  24:57  Marine x4  
  188  24:58  Marine  
  188  24:59  Raven x3  
  199  25:10  Marine  
  200  25:22  Missile Turret  
  200  25:23  Missile Turret  
  200  25:27  Missile Turret  
  200  25:28  Missile Turret  
  200  25:31  Refinery  
  200  25:34  Refinery  
  200  25:50  Command Center  
Tags
 
Add a new tag
Caveats
  • Supply blocks, unpowered buildings, or Contaminate may cause inaccurate times.
  • Supply counts are checked every 10 seconds.